Map: Prion Terraces

Players

Soundwave - Winner!

  • Race: Zerg Zerg

A.I. 1 (Very Hard)

  • Race: Protoss Protoss

VOD

Have the link to the VOD?

Description

Time

  • Played on: Nov. 16, 2015, 2:55 p.m.
  • Length: 23:02
Show
View Real Time Build Order
Export as new Build Order

Soundwave Zerg - Winner!

Build Orders: Hatch First, Lurkers 

Get SALT Encoding   

  12  0:01  Drone  
  13  0:11  Drone  
  14  0:17  Drone, Extractor  
  15  0:44  Overlord  
  15  0:49  Hatchery  
  14  0:58  Extractor  
  13  1:05  Drone  
  13  1:09  Spawning Pool  
  13  1:11  Drone  
  14  1:15  Drone  
  15  1:26  Drone  
  15  1:31  Drone  
  17  1:38  Drone  
  18  1:48  Drone  
  19  2:01  Queen  
  19  2:02  Queen  
  19  2:05  Drone x2  
  25  2:10  Metabolic Boost  
  25  2:14  Zergling x2  
  26  2:17  Zergling x2  
  27  2:33  Drone  
  27  2:35  Overlord x2  
  28  2:41  Extractor  
  27  2:47  Drone  
  28  2:56  Lair, Roach Warren  
  27  3:04  Drone x2  
  27  3:05  Drone  
  29  3:27  Zergling x6  
  29  3:28  Zergling x8  
  36  3:41  Evolution Chamber x2  
  34  3:44  Drone x3  
  37  3:53  Queen  
  39  4:09  Drone x2  
  42  4:10  Drone x2  
  42  4:12  Overlord x2  
  43  4:17  Zerg Melee Weapons Level 1  
  43  4:25  Zerg Ground Armor Level 1  
  43  4:50  Hydralisk Den  
  42  4:54  Drone x6  
  42  4:55  Drone x3, Infestation Pit  
  50  5:11  Extractor  
  50  5:12  Extractor  
  50  5:13  Hatchery  
  47  5:47  Hydralisk x3  
  47  5:48  Hydralisk x3  
  59  5:51  Overlord  
  59  5:52  Overlord x4  
  59  5:55  Overseer  
  59  6:11  Queen  
  61  6:18  Zerg Melee Weapons Level 2  
  61  6:19  Zerg Ground Armor Level 2  
  61  6:28  Hive  
  61  6:33  Lurker Den  
  61  6:37  Drone x4  
  65  6:41  Drone x2  
  65  6:43  Drone  
  68  7:04  Drone x3  
  68  7:05  Drone x7  
  78  7:11  Drone x2  
  80  7:25  Hydralisk x4  
  80  7:26  Hydralisk  
  90  7:45  Overlord  
  90  7:46  Overlord x3  
  86  7:59  Hydralisk x4  
  86  8:00  Hydralisk x6  
  86  8:01  Hydralisk  
  92  8:17  Hydralisk  
  92  8:18  Hydralisk x4, Extractor  
  92  8:19  Extractor  
  100  8:23  Lurker  
  101  8:38  Hydralisk  
  101  8:39  Hydralisk x3  
  97  8:54  Zergling x4  
  97  8:55  Zergling x12  
  104  8:56  Zergling x10  
  104  9:02  Lurker x2  
  112  9:24  Spire  
  111  9:38  Ultralisk Cavern  
  110  9:50  Lurker  
  111  9:53  Hatchery  
  110  10:03  Hatchery  
  110  10:05  Zergling x4  
  110  10:06  Zergling x14  
  110  10:07  Zergling x8  
  120  10:09  Overlord x3  
  120  10:10  Overlord x2  
  122  10:27  Queen  
  124  10:41  Greater Spire  
  124  10:42  Chitinous Plating  
  124  10:44  Zerg Melee Weapons Level 3, Extractor x2  
  122  10:51  Drone x3  
  122  10:52  Drone x2  
  122  10:53  Drone  
  128  11:03  Ultralisk  
  134  11:04  Corruptor  
  134  11:09  Zergling x4  
  134  11:10  Zergling x16  
  134  11:11  Zergling x2  
  147  11:21  Overseer  
  147  11:22  Overseer  
  147  11:28  Muscular Augments  
  147  11:34  Drone x3  
  147  11:35  Drone x2  
  147  11:36  Drone  
  153  11:46  Queen  
  155  11:47  Queen  
  157  11:56  Ultralisk x2  
  157  11:58  Overlord x2  
  157  11:59  Overlord x5  
  169  12:03  Overseer  
  169  12:05  Zerg Ground Armor Level 3  
  169  12:08  Zergling x10  
  174  12:53  Ultralisk x4  
  198  13:19  Lurker x2  
  200  13:38  Hatchery  
  143  14:08  Ultralisk x4  
  143  14:09  Ultralisk x2, Zergling x2  
  181  14:10  Zergling x10  
  185  14:48  Drone x2  
  185  14:49  Drone  
  185  14:52  Ultralisk  
  194  14:54  Overlord x3  
  194  14:56  Zergling x2  
  194  14:57  Zergling x4  
  197  15:17  Queen  
  199  15:40  Zerg Missile Weapons Level 1  
  199  15:42  Zerg Flyer Weapons Level 1  
  199  15:43  Adrenal Glands  
  144  16:11  Ultralisk x3  
  144  16:12  Ultralisk x2, Zergling x2  
  144  16:13  Zergling x4  
  171  16:20  Extractor  
  171  16:22  Extractor  
  167  16:39  Ultralisk  
  173  16:40  Ultralisk x2  
  173  16:41  Zergling x2  
  164  17:03  Ultralisk x2  
  164  17:04  Zergling x4  
  164  17:05  Zergling x2  
  179  17:40  Ultralisk  
  179  17:41  Ultralisk x2, Zergling x2  
  179  17:42  Zergling x4  
  192  18:07  Overseer  
  192  18:08  Overseer x4  
  192  18:16  Ultralisk  
  192  18:17  Zergling x4  
  191  18:58  Zergling x12  
  191  19:00  Extractor  
  196  19:05  Zerg Missile Weapons Level 2, Extractor  
  195  19:31  Ultralisk  
  195  19:32  Zergling x2  
  195  19:33  Zergling x12  
  195  19:34  Zergling x8  
  191  19:54  Ultralisk  
  191  19:55  Zergling x4  
  199  21:35  Pathogen Glands  
Show
View Real Time Build Order
Export as new Build Order

A.I. 1 (Very Hard) Protoss 

Build Orders: Zealot Archon 

Get SALT Encoding   

  12  0:01  Probe (Chrono Boost)  
  13  0:11  Probe (Chrono Boost)  
  14  0:20  Pylon  
  14  0:22  Probe (Chrono Boost)  
  15  0:39  Probe (Chrono Boost)  
  16  0:47  Assimilator  
  16  0:49  Probe (Chrono Boost)  
  17  0:50  Gateway  
  17  0:59  Pylon  
  17  1:00  Probe (Chrono Boost)  
  18  1:10  Probe (Chrono Boost)  
  19  1:21  Probe (Chrono Boost)  
  20  1:32  Probe (Chrono Boost)  
  21  1:37  Zealot  
  21  1:39  Gateway  
  23  1:41  Cybernetics Core  
  23  1:43  Probe (Chrono Boost)  
  24  1:49  Pylon  
  25  1:54  Probe (Chrono Boost)  
  25  2:04  Zealot  
  25  2:06  Probe (Chrono Boost)  
  28  2:11  Warp Gate  
  28  2:17  Probe (Chrono Boost)  
  29  2:25  Adept  
  29  2:29  Adept  
  31  2:31  Gateway  
  33  2:40  Gateway  
  33  2:51  Adept  
  33  2:56  Adept, Pylon  
  33  2:58  Probe (Chrono Boost)  
  38  3:16  Adept  
  38  3:17  Adept  
  42  3:22  Adept  
  42  3:26  Adept  
  44  3:29  Pylon  
  46  3:37  Robotics Facility  
  45  4:04  Twilight Council  
  45  4:07  Pylon  
  45  4:27  Assimilator  
  45  4:47  Zealot x2  
  45  4:51  Probe (Chrono Boost)  
  50  4:55  Nexus  
  50  5:07  Templar Archives  
  50  5:45  High Templar  
  52  5:59  Forge  
  52  6:02  High Templar  
  54  6:05  Archon  
  54  6:08  Probe (Chrono Boost)  
  54  6:09  Probe (Chrono Boost), Forge  
  56  6:17  Assimilator x2  
  56  6:20  Probe (Chrono Boost)  
  56  6:21  Probe (Chrono Boost)  
  58  6:31  Probe (Chrono Boost), High Templar  
  58  6:32  Probe (Chrono Boost)  
  62  6:42  Probe (Chrono Boost)  
  62  6:43  Probe (Chrono Boost)  
  64  6:52  High Templar  
  64  6:53  Probe (Chrono Boost)  
  68  6:55  Probe (Chrono Boost)  
  68  6:56  Stalker  
  68  6:58  Pylon  
  68  7:00  Archon  
  70  7:04  Probe (Chrono Boost)  
  71  7:11  High Templar  
  73  7:17  Probe (Chrono Boost)  
  73  7:18  Probe (Chrono Boost)  
  73  7:21  Pylon  
  75  7:25  High Templar  
  75  7:28  Probe (Chrono Boost)  
  75  7:29  Stalker, Probe (Chrono Boost)  
  81  7:32  Photon Cannon  
  81  7:34  Stalker  
  81  7:35  Archon  
  83  7:39  Probe (Chrono Boost)  
  83  7:41  Probe (Chrono Boost), Pylon  
  85  7:49  High Templar  
  85  7:51  Probe (Chrono Boost)  
  88  7:59  Zealot  
  88  8:00  Probe (Chrono Boost)  
  88  8:03  High Templar  
  88  8:04  Pylon  
  91  8:08  Stalker, Nexus  
  91  8:11  Archon  
  93  8:22  High Templar  
  95  8:30  Zealot x2  
  95  8:32  Pylon  
  99  8:34  Zealot  
  79  8:48  High Templar  
  79  8:49  Stalker  
  79  8:51  Sentry  
  79  8:53  Zealot  
  87  8:56  Observer  
  87  8:57  Archon  
  88  9:09  Photon Cannon  
  88  9:10  Zealot  
  88  9:12  High Templar  
  88  9:13  Zealot  
  88  9:15  Photon Cannon  
  94  9:18  Zealot  
  94  9:21  Probe (Chrono Boost)  
  94  9:22  Probe (Chrono Boost)  
  94  9:23  Probe (Chrono Boost)  
  99  9:28  Assimilator  
  99  9:29  High Templar  
  101  9:33  Probe x3 (Chrono Boost), Zealot, Pylon  
  101  9:35  Archon, Assimilator  
  101  9:37  Stalker  
  108  9:44  Probe (Chrono Boost)  
  108  9:45  Probe (Chrono Boost), High Templar  
  113  9:46  Probe (Chrono Boost)  
  113  9:55  Probe (Chrono Boost)  
  113  9:56  Probe (Chrono Boost), Photon Cannon  
  113  9:58  Probe (Chrono Boost), High Templar  
  118  10:01  Stalker  
  118  10:02  Pylon  
  118  10:05  Stalker  
  118  10:06  Archon  
  118  10:07  Probe x2 (Chrono Boost)  
  124  10:09  Probe (Chrono Boost)  
  125  10:16  High Templar  
  125  10:18  Probe x2 (Chrono Boost)  
  125  10:20  Probe (Chrono Boost)  
  130  10:24  High Templar  
  130  10:26  Pylon  
  130  10:27  Stalker  
  134  10:30  Photon Cannon  
  134  10:32  Archon, Photon Cannon  
  134  10:33  Sentry  
  136  10:38  Immortal  
  136  10:45  Stalker  
  136  10:46  Pylon  
  142  10:59  Photon Cannon  
  142  11:02  Photon Cannon  
  142  11:06  Photon Cannon  
  142  11:10  Robotics Bay  
  142  11:12  Protoss Ground Weapons Level 1  
  142  11:13  Immortal  
  142  11:14  Pylon  
  142  11:17  Protoss Ground Armor Level 1  
  146  11:37  Robotics Facility  
  146  11:42  Pylon  
  146  11:44  Gateway, Photon Cannon  
  146  11:47  Warp Prism  
  148  11:55  Nexus, Charge  
  148  12:04  Pylon  
  148  12:15  Forge  
  148  12:19  Photon Cannon  
  148  12:20  Warp Prism  
  148  12:22  Immortal  
  148  12:26  Zealot x4  
  148  12:29  Pylon  
  161  12:34  Gateway  
  161  12:37  Zealot  
  163  12:45  Zealot x2  
  163  12:46  Zealot x2  
  171  12:54  Disruptor  
  171  12:56  Zealot  
  175  13:00  Observer, Pylon  
  176  13:07  Protoss Ground Weapons Level 2  
  176  13:09  Probe x3 (Chrono Boost)  
  176  13:10  Probe (Chrono Boost)  
  180  13:16  Colossus  
  180  13:18  Assimilator  
  181  13:21  Probe (Chrono Boost)  
  181  13:22  Probe (Chrono Boost)  
  181  13:23  Probe x2 (Chrono Boost), Photon Cannon  
  181  13:24  Blink  
  181  13:25  Pylon  
  190  13:28  Immortal  
  190  13:32  Probe (Chrono Boost)  
  195  13:35  Archon  
  195  13:36  Pylon  
  195  13:43  Nexus  
  195  13:45  Stargate  
  195  13:47  Zealot  
  195  13:48  Zealot  
  189  13:50  Zealot  
  189  13:52  Zealot  
  189  13:55  Stalker, Robotics Facility  
  149  13:57  Stalker  
  103  14:05  Disruptor  
  103  14:06  Stalker, Colossus  
  103  14:07  Zealot  
  103  14:08  Stalker  
  108  14:11  Sentry  
  116  14:18  Stalker  
  116  14:19  Adept  
  120  14:26  Stalker  
  120  14:28  Zealot  
  120  14:30  Zealot  
  126  14:32  Zealot  
  128  14:38  Adept  
  128  14:39  Immortal  
  128  14:40  Observer  
  135  14:57  Immortal, Adept, Extended Thermal Lance  
  135  14:58  Sentry, Disruptor  
  146  15:09  Adept  
  148  15:14  Immortal  
  148  15:17  Pylon  
  148  15:20  Photon Cannon  
  152  15:29  Stalker  
  152  15:30  Disruptor  
  152  15:31  Stalker  
  152  15:32  Colossus  
  152  15:34  Stalker, Zealot x2  
  165  15:35  Zealot  
  165  15:40  Probe (Chrono Boost)  
  169  15:43  Probe (Chrono Boost)  
  169  15:44  Probe (Chrono Boost)  
  169  15:46  Probe (Chrono Boost)  
  169  15:47  Probe (Chrono Boost)  
  155  15:51  Immortal, Zealot, Probe (Chrono Boost)  
  155  15:52  Stalker  
  155  15:53  Stalker  
  155  15:54  Probe (Chrono Boost)  
  155  15:55  Probe (Chrono Boost), Adept  
  127  15:58  Probe (Chrono Boost)  
  127  16:00  Probe (Chrono Boost)  
  101  16:04  Observer  
  101  16:09  Nexus  
  82  16:12  Zealot  
  82  16:24  Observer  
  82  16:25  Adept  
  82  16:28  Stalker  
  82  16:32  Stalker  
  85  16:35  Stalker  
  85  16:38  Stalker  
  87  16:41  Stalker  
  87  16:44  Sentry  
  84  16:50  Probe (Chrono Boost), Zealot  
  84  16:51  Probe (Chrono Boost)  
  84  16:53  Zealot  
  85  16:54  Probe (Chrono Boost)  
  85  16:55  Probe (Chrono Boost)  
  85  16:56  Adept  
  85  17:00  Adept  
  91  17:01  Probe (Chrono Boost)  
  91  17:02  Stalker  
  91  17:03  Probe (Chrono Boost)  
  91  17:05  Probe (Chrono Boost)  
  91  17:07  Probe (Chrono Boost)  
  96  17:09  Stalker, Nexus  
  96  17:12  Probe (Chrono Boost)  
  96  17:14  Immortal  
  96  17:15  Probe (Chrono Boost)  
  100  17:20  Stalker  
  106  17:23  Probe (Chrono Boost)  
  106  17:24  Probe (Chrono Boost)  
  106  17:25  Stalker  
  106  17:29  Stalker  
  112  17:32  Stalker  
  112  17:35  Stalker  
  116  17:38  Stalker  
  116  17:39  Immortal  
  122  17:45  Immortal  
  126  17:53  Zealot x2  
  126  17:55  Sentry  
  126  17:56  High Templar  
  134  18:03  High Templar  
  123  18:09  Adept  
  123  18:12  Stalker  
  109  18:15  Stalker  
  109  18:17  Adept  
  111  18:22  Probe (Chrono Boost)  
  111  18:23  Nexus  
  111  18:26  Adept  
  91  18:27  Assimilator  
  91  18:28  Stalker  
  91  18:32  Probe (Chrono Boost), High Templar  
  91  18:33  Zealot  
  90  18:35  Zealot  
  90  18:37  Adept  
  90  18:41  Probe (Chrono Boost), Assimilator  
  88  18:42  Assimilator  
  88  18:43  Probe x2 (Chrono Boost), Assimilator  
  88  18:45  Stalker, Probe (Chrono Boost)  
  72  18:56  Pylon  
  72  18:58  Probe (Chrono Boost), Assimilator  
  72  19:01  High Templar  
  75  19:06  Adept, Nexus  
  75  19:08  Assimilator  
  75  19:09  Probe (Chrono Boost)  
  78  19:11  Probe (Chrono Boost)  
  78  19:12  Assimilator  
  78  19:13  Stalker  
  79  19:17  Stalker  
  79  19:22  Stalker  
  77  19:28  Stalker  
  77  19:31  Zealot  
  73  19:33  Zealot  
  73  19:35  Stalker  
  65  19:44  Probe (Chrono Boost)  
  65  19:45  Nexus  
  62  19:46  Probe (Chrono Boost)  
  62  19:48  Probe (Chrono Boost)  
  62  19:49  Zealot, High Templar  
  51  19:56  Zealot  
  51  19:59  Zealot  
  45  20:20  Zealot  
  35  21:05  Nexus  
  35  21:13  Pylon  
  35  21:24  Nexus  
  32  21:43  Nexus  
  32  22:02  Pylon  
  25  22:11  Probe (Chrono Boost)  
  21  22:21  Probe (Chrono Boost)  
Tags
 
Add a new tag
Caveats
  • Supply blocks, unpowered buildings, or Contaminate may cause inaccurate times.
  • Supply counts are checked every 10 seconds.